 Dungeon Sprint DCSS version 0.30-a0-1094-g860fb061e7 (webtiles) character file.

Game seed: 9455751335063305447

410 Darkkill the Fighter (level 6, -2/67 HPs)
             Began as a Gargoyle Berserker on Apr 17, 2023.
             Was an Elder of Trog.
             Slain by a shadow (5 damage)
             ... in the Dungeon (Sprint IX: "|||||||||||||||||||||||||||||").
             The game lasted 00:01:51 (165 turns).

Darkkill the Fighter (Gargoyle Berserker)            Turns: 165, Time: 00:01:52

Health: -2/67      AC: 26    Str: 22    XL:     6   Next: 89%
Magic:  6/6        EV: 10    Int: 11    God:    Trog [****..]
Gold:   0          SH:  0    Dex: 12    Spells: 5/5 levels left

rFire   . . .      SeeInvis .    b - +2 halberd (protect)
rCold   . . .      Faith    .    (shield currently unavailable)
rNeg    + . .      Spirit   .    o - +1 chain mail
rPois   ∞          Reflect  .    l - +0 helmet
rElec   +          Rampage  .    (no cloak)
rCorr   .          NoTele   +    k - +0 pair of gloves
Will    .....                    (no boots) Stlth
                                 (no amulet)
HPRegen 0.31/turn                n - +3 ring of intelligence
MPRegen 0.10/turn                m - +3 ring of dexterity

@: berserking, under a protective aura, very quick
A: sickness immunity, AC +4, negative energy resistance 1, electricity
resistance, torment resistance 1, petrification resistance
a: Renounce Religion, Berserk, Trog's Hand, Brothers in Arms


You were in the Dungeon.
You worshipped Trog.
Trog was greatly pleased with you.
You visited 1 branch

Inventory:

Hand Weapons
 b - a +2 halberd of protection (weapon)
Armour
 k - a +0 pair of gloves (worn)
 l - a +0 helmet (worn)
 o - a +1 chain mail (worn)
Jewellery
 m - a +3 ring of dexterity (right hand)
 n - a +3 ring of intelligence (left hand)
Wands
 j - a wand of roots (10)
Scrolls
 h - 2 scrolls of blinking
Potions
 c - 5 potions of curing {@q1}
 d - a potion of invisibility
 e - a potion of haste
 f - 4 potions of magic
 i - 2 potions of heal wounds


   Skills:
 + Level 8.5 Fighting
 + Level 7.7 Maces & Flails
 + Level 8.1 Armour
 + Level 6.1 Dodging


You had 5 spell levels left.
You didn't know any spells.
Your spell library was empty.

Dungeon Overview and Level Annotations

Branches:
Dungeon (1/1)

Altars:
Cheibriados
Dithmenos
Elyvilon
Fedhas
Gozag
Hepliaklqana
Kikubaaqudgha
Makhleb
Nemelex Xobeh
Okawaru
Qazlal
Ru
Sif Muna
Trog
Uskayaw
Vehumet
Wu Jian
Xom
Yredelemnul
Zin
The Shining One
Jiyva
Lugonu


Innate Abilities, Weirdness & Mutations

You are immune to sickness and miasma.
Your stone body is resilient. (AC +4)
You are immune to poison.
You resist negative energy. (rN+)
You are resistant to electric shocks. (rElec)
You are resistant to unholy torment.
You are immune to petrification.


Message History

Found five items.
Found a +1 chain mail.
There is an open door here.
Found a +3 ring of dexterity.
f - 4 potions of magic (gained 2);
d - a potion of invisibility
i - 2 potions of heal wounds
c - 5 potions of curing {@q1} (gained 4)
Found a +3 ring of intelligence.
h - 2 scrolls of blinking (gained 1)
You see here 2 scrolls of amnesia.
j - a wand of roots (10)
Items here: )))))).
k - a +0 pair of gloves
l - a +0 helmet You see here a +1 chain mail.
m - a +3 ring of dexterity
n - a +3 ring of intelligence You see here a +1 chain mail.
o - a +1 chain mail You start putting on your armour.
You continue putting on your +0 pair of gloves. x4
You finish putting on your +0 pair of gloves.
You start putting on your armour.
You continue putting on your +0 helmet. x4
You finish putting on your +0 helmet.
You start removing your armour.
You continue taking off your +0 animal skin. x4
You finish taking off your +0 animal skin.
You start putting on your armour.
You continue putting on your +1 chain mail. x5
You finish putting on your +1 chain mail.
You drop a +0 animal skin.
You feel clever.
n - a +3 ring of intelligence (left hand)
You feel agile.
m - a +3 ring of dexterity (right hand)
Items here: )))))).
b - a +2 halberd of protection Your +2 halberd of protection hums with potential!
b - a +2 halberd of protection (weapon)
You drop a +0 mace.
You see here a +0 animal skin.
You start resting.
HP restored.
You open the door.
A vampire, an acid dragon, a yak, a kobold brigand and 2 shadows come into view.
The kobold brigand is wielding a +0 whip and quivering poisoned darts.
The kobold brigand shouts!
A red film seems to cover your vision as you go berserk!
You feel yourself moving faster!
You feel mighty! The vampire hits you. The vampire bites you!
You hit the vampire.
Your weapon exudes an aura of protection.
The vampire is lightly damaged.
The vampire closely misses you. The vampire barely misses you.
You puncture the vampire!
The vampire is moderately damaged.
The shadow slips into darkness.
The shadow flickers and vanishes!
Deactivating autopickup; reactivate with Ctrl-A.
The vampire barely misses you. The vampire bites you.
You hit the vampire.
The vampire is heavily damaged.
The vampire barely misses you. The vampire bites you.
You slash the vampire!
The vampire is severely damaged.
You hit the vampire but do no damage.
The vampire is severely damaged.
The vampire hits you but does no damage.
The vampire bites you! The vampire hits you.
The vampire bites you but does no damage.
You slash the vampire!
You feel the power of Trog in you as your rage grows.
You destroy the vampire!
Trog accepts your kill.
You can now call in reinforcements.
Trog appreciates your killing of a magic user.
Your Fighting skill increases to level 7!
Your Maces & Flails skill gained 2 levels and is now at level 7!
Your Armour skill increases to level 7!
Your Dodging skill increases to level 5!
You have reached level 6!
You hit the acid dragon but do no damage.
The shadow slips into darkness.
The shadow flickers and vanishes!
The acid dragon spits acid at you. The splash of acid hits you!!
* * * LOW HITPOINT WARNING * * *
You slash the acid dragon!
The acid dragon is moderately wounded.
The acid dragon bites you but does no damage.
The acid dragon claws you but does no damage.
You slash the acid dragon!
The acid dragon is severely wounded.
You slice the acid dragon!!
You kill the acid dragon!
Trog accepts your kill.
Your Fighting skill increases to level 8!
Your Armour skill increases to level 8!
Your Dodging skill increases to level 6!
The shadow strikes at you from the darkness!
You die...

▓.▓
▓?▓
▓)▓
▓.▓
▓.▓
▓.▓
▓[▓
▓.▓
▓@▓
▓{▓
▓.▓
▓Y▓
▓K▓
▓.▓
▓.▓
▓.▓


You could see a yak and a kobold brigand.

Vanquished Creatures
  A vampire (D)
  An acid dragon (D)
  A scorpion (D)
  2 hounds (D)
  An iguana (D)
  An adder (D)
  2 endoplasms (D)
  2 goblins (D)
  A bat (D)
12 creatures vanquished.

Notes
Turn   | Place    | Note
-------+----------+-------------------------------------------
     0 | D        | Darkkill the Gargoyle Berserker began the quest for the
                  | Orb.
     0 | D        | Reached XP level 1. HP: 14/14 MP: 1/1
     9 | D        | Reached ** piety under Trog
    19 | D        | Noticed a hound
    19 | D        | Noticed a hound
    19 | D        | Noticed a scorpion
    19 | D        | Noticed an iguana
    25 | D        | Killed a hound
    26 | D        | Reached XP level 2. HP: 16/20 MP: 2/2
    26 | D        | Reached XP level 3. HP: 20/25 MP: 3/3
    31 | D        | Reached *** piety under Trog
    32 | D        | Reached skill level 5 in Fighting
    32 | D        | Reached XP level 4. HP: 16/31 MP: 4/4
    56 | D        | Killed a scorpion
    57 | D        | Reached skill level 5 in Maces & Flails
    57 | D        | Reached skill level 5 in Armour
    57 | D        | Reached XP level 5. HP: 21/36 MP: 5/5
    68 | D        | Found a snail-covered altar of Cheibriados.
    68 | D        | Found a shadowy altar of Dithmenos.
    68 | D        | Found a white marble altar of Elyvilon.
    68 | D        | Found a blossoming altar of Fedhas.
    68 | D        | Found an opulent altar of Gozag.
    69 | D        | Found a hazy altar of Hepliaklqana.
    70 | D        | Found a viscous altar of Jiyva.
    71 | D        | Found an ancient bone altar of Kikubaaqudgha.
    72 | D        | Found a corrupted altar of Lugonu.
    73 | D        | Found a burning altar of Makhleb.
    74 | D        | Found a sparkling altar of Nemelex Xobeh.
    75 | D        | Found an iron altar of Okawaru.
    76 | D        | Found a stormy altar of Qazlal.
    77 | D        | Found a sacrificial altar of Ru.
    78 | D        | Found a shimmering blue altar of Sif Muna.
    79 | D        | Found a bloodstained altar of Trog.
    80 | D        | Found a hide-covered altar of Uskayaw.
    81 | D        | Found a radiant altar of Vehumet.
    82 | D        | Found an ornate altar of the Wu Jian Council.
    83 | D        | Found a shimmering altar of Xom.
    84 | D        | Found a basalt altar of Yredelemnul.
    85 | D        | Found a glowing silver altar of Zin.
    86 | D        | Found a glowing golden altar of the Shining One.
   153 | D        | Noticed a vampire
   153 | D        | Noticed an acid dragon
   153 | D        | Noticed a shadow
   153 | D        | Noticed a yak
   153 | D        | Noticed a kobold brigand
   153 | D        | Noticed a shadow
   160 | D        | Killed a vampire
   160 | D        | Reached **** piety under Trog
   161 | D        | Reached skill level 5 in Dodging
   161 | D        | Reached XP level 6. HP: 27/44 MP: 6/6
   161 | D        | HP: 2/66 [acid dragon/splash of acid (25)]
   164 | D        | Killed an acid dragon
   165 | D        | Slain by a shadow

Illustrated notes

Levels and vault maps discovered:
D:        linesprint [early_d, line_temple, items_1, d_10, items_2, lair_1,
          lair_end, items_3, orc_1, orc_end, items_4, d_15, swamp_1, shoals_1,
          snake_1, spider_1, d_20, vaults_1, items_5, swamp_end, shoals_end,
          snake_end, spider_end, vaults_end, d_27, items_6, zot_1, zot_end,
          crypt_end, forest_end, elf_end, slime_end, tomb_end, abyss_end,
          pan_hell_end]

Skill      XL: |  1  2  3  4  5  6 |
---------------+-------------------+-----
Dodging        | 3 4 5 6 |  6.1
Fighting       | 4 5 6 7 8 |  8.5
Maces & Flails | 4 5 7 |  7.7
Armour         | 4 5 7 8 |  8.1

Action                     |  1- 3 |  4- 6 || total
---------------------------+-------+-------++-------
  Melee: Mace              |    21 |    29 ||    50
         Punch             |     1 |       ||     1
         Halberd           |       |    10 ||    10
    Use: Potion            |       |     2 ||     2
 Armour: Animal skin       |     7 |     4 ||    11
         Chain mail        |       |     4 ||     4
  Dodge: Dodged            |    16 |    25 ||    41

Table legend: (Time is in decaauts)
 A = Elapsed time spent in this place.
 B = Non-inter-level travel time spent in this place.
 C = Inter-level travel time spent in this place.
 D = Time resting spent in this place.
 E = Time spent auto-exploring this place.
 F = Levels seen in this place.
 G = Mean time per level.
                   A        B        C        D        E       F      G
               +--------+--------+--------+--------+--------+-----+--------+
         Total |    172 |    172 |      0 |      2 |      0 |   1 |  172.0 |
       Dungeon |    172 |    172 |      0 |      2 |      0 |   1 |  172.0 |
               +--------+--------+--------+--------+--------+-----+--------+

Top non-repeatable levels by time:
       D: 172 daAuts

Table legend:
 A = Kills in this place as a percentage of kills in the entire game.
 B = Kills by you in this place as a percentage of kills by you in the entire game.
 C = Kills by friends in this place as a percentage of kills by friends in the entire game.
 D = Other kills in this place as a percentage of other kills in the entire game.
 E = Experience gained in this place as a percentage of experience gained in the entire game.
 F = Experience gained in this place divided by the number of levels of this place that you have seen.
                   A       B       C       D       E      F
               +-------+-------+-------+-------+-------+----------------------
         Total | 100.0 | 100.0 |   N/A |   N/A | 100.0 | 586.0
       Dungeon | 100.0 | 100.0 |   N/A |   N/A | 100.0 | 586.0
               +-------+-------+-------+-------+-------+----------------------
